 Dungeon Crawl Stone Soup version 0.29.0-13-gc9e81de378 (webtiles) character file.

Game seed: 1603259363103274348

2291 sanka the Schismatic (level 9, -14/63 HPs)
             Began as a Demonspawn Abyssal Knight on Sept 10, 2022.
             Was an Elder of Lugonu.
             Killed from afar by Maggie (21 damage)
             ... with a bolt of fire
             ... on level 6 of the Dungeon.
             The game lasted 00:08:18 (6570 turns).

sanka the Schismatic (Demonspawn Abyssal Knight)    Turns: 6570, Time: 00:08:19

Health: -14/63     AC: 18    Str: 18    XL:     9   Next: 17%
Magic:  13/16      EV:  7    Int: 11    God:    Lugonu [****..]
Gold:   350        SH:  0    Dex: 14    Spells: 8/8 levels left

rFire   . . .      SeeInvis .   E - +0 halberd
rCold   . . .      Faith    +   (shield currently unavailable)
rNeg    . . .      Spirit   .   f - +0 chain mail
rPois   .          Reflect  .   (helmet restricted)
rElec   .          Harm     .   B - +0 cloak
rCorr   .          Rampage  .   (no gloves)
Will    +....                   (no boots)
Stlth   ..........              D - amulet of faith
HPRegen 0.20/turn               (no ring)
MPRegen 0.15/turn               c - ring of willpower

@: sanguine armoured, mesmerised
A: horns 1, demonic guardian 2, sanguine armour 2
a: Renounce Religion, Depart the Abyss, Bend Space, Banish, Corrupt


You were on level 6 of the Dungeon.
You worshipped Lugonu.
Lugonu was greatly pleased with you.
You visited 1 branch of the dungeon, and saw 6 of its levels.
You visited the Abyss 1 time.
You also visited: Sewer.

You collected 350 gold pieces.


Innate Abilities, Weirdness & Mutations

You have a pair of small horns on your head.
A demonic guardian rushes to your aid.
When seriously injured, your blood forms thick armour. (AC +9)


   Skills:
 - Level 3.0 Fighting
 * Level 9.4 Polearms
 - Level 1.7 Armour
 - Level 0.8 Dodging
 + Level 9.5 Invocations


You had 8 spell levels left.
You didn't know any spells.
Your spell library contained the following spells:

 Spells                   Type           Power      Damage    Failure   Level
 Ensorcelled Hibernation  Hex/Ice        0%         N/A       100%        2
 Ozocubu's Armour         Ice            0%         N/A       100%        3
 Spider Form              Tmut/Pois      0%         N/A       100%        3
 Anguish                  Hex/Necr       0%         N/A       100%        4
 Ozocubu's Refrigeration  Ice            0%         4d7       100%        7

Inventory:

Hand Weapons
 a - a +0 trident
 m - a +1 spear
 E - a +0 halberd (weapon)
Armour
 b - a +0 leather armour
 f - a +0 chain mail (worn)
 n - a +0 pair of gloves
 B - a +0 cloak (worn)
Jewellery
 c - a ring of willpower (right hand)
 p - an amulet of regeneration
 D - an amulet of faith (around neck)
Wands
 C - a wand of mindburst (11)
Scrolls
 d - 2 scrolls of enchant weapon {unknown}
 g - 3 scrolls of vulnerability {unknown}
 h - 7 scrolls of identify {unknown}
 i - 2 scrolls of fear {unknown}
 j - 4 scrolls of magic mapping {unknown}
 o - a scroll of butterflies {unknown}
 r - a scroll of brand weapon {unknown}
 s - a scroll of blinking {unknown}
 u - a scroll of enchant armour {unknown}
 v - a scroll of teleportation {unknown}
 y - a scroll of summoning {unknown}
Potions
 e - 3 potions of lignification {unknown}
 k - 5 potions of curing {unknown}
 l - 2 potions of mutation {unknown}
 q - a potion of heal wounds {unknown}
 t - 2 potions of might {unknown}
 w - a potion of cancellation {unknown}
 x - a potion of experience {unknown}
 z - a potion of invisibility {unknown}
 A - a potion of flight {unknown}

Dungeon Overview and Level Annotations

Branches:
Dungeon (6/15)             Temple (0/1) D:5           Sewer (visited)

Altars:
Fedhas
Gozag
Nemelex Xobeh
Okawaru
Qazlal

Shops:
D:1 [   D:4 ?

Annotations:
D:6 Maggie

▒▒..▒▒▒..
▒▒....▒..
▒:.......
.........
........▒▒▒
..........▒▒▒
............▒▒▒
▒▒▒▒▒4.▒▒▒▒..▒▒
▒.6▒ ▒▒▒)▒ ▒.#▒
▒<▒ ▒@.▒ ▒▒▒
▒..▒ .... ..▒..
.▒▒▒▒ .▒


You could see Maggie (mesmerising, ally target) and a friendly orange demon
(summoned).


Message History

You slash Maggie!
Maggie is severely wounded.
Maggie zaps a wand.
You resist with almost no effort.
Unknown command.
You reach to attack!
You hit Maggie.
Maggie is almost dead.
Maggie barely misses you.
Unknown command.
You reach to attack!
You slash Maggie!
Maggie is almost dead.
Maggie casts a spell at you. The bolt of fire hits you!!
* * * LOW HITPOINT WARNING * * *
A demonic guardian appears!
Unknown command.
You reach to attack!
You hit Maggie but do no damage.
Maggie is almost dead.
Maggie hits you but does no damage.
Unknown command.
You reach to attack!
You completely miss Maggie.
Maggie is almost dead.
Maggie seems less brilliant.
Maggie gestures at you while chanting. The bolt of fire hits you!!
You die...

Action                   |  1- 3 |  4- 6 |  7- 9 || total
-------------------------+-------+-------+-------++-------
Melee: Spear             |   112 |    38 |       ||   150
       Headbutt          |    13 |    24 |    52 ||    89
       Trident           |       |   142 |   242 ||   384
       Punch             |       |     1 |     7 ||     8
       Halberd           |       |       |    10 ||    10
Invok: Banish            |       |       |     2 ||     2
 Stab: Sleeping          |     1 |       |       ||     1
Armor: Leather armour    |     7 |       |       ||     7
       Chain mail        |    27 |   104 |   113 ||   244
Dodge: Dodged            |    19 |    69 |    55 ||   143

Levels and vault maps discovered:
D:1:      minmay_arrival_checkered_box, layout_basic, serial_shops, shop,
          basic_ecumenical_altar
D:2:      layout_basic
D:3:      layout_basic, nemelex_spade_bored_becter
D:4:      layout_basic, mainiacjoe_overflow_cross_hatched, portal_sewer_entry_a,
          serial_shops, shop, hangedman_decor_slide_cut, uniq_pikel,
          uniq_crazy_yiuf_cottage
D:5:      layout_rooms, mainiacjoe_overflow_paths,
          nicolae_qazlal_style_of_elements, okawaru_trees_2,
          fedhas_altar_decomposition, minmay_temple_entry_drinking_statues
D:6:      layout_layer_cave, uniq_maggie, uniq_prince_ribbit1

Notes
Turn   | Place    | Note
-------+----------+-------------------------------------------
     0 | Abyss:1  | sanka the Demonspawn Abyssal Knight began the quest for the
                  | Orb.
     0 | Abyss:1  | Reached XP level 1. HP: 18/18 MP: 2/2
     1 | D:1      | Escaped the Abyss
   225 | D:1      | Reached skill level 2 in Polearms
   334 | D:1      | Found a faded altar of an unknown god.
   387 | D:1      | Gained mutation: You have a pair of small horns on your
                  | head. [demonic ancestry]
   387 | D:1      | Reached XP level 2. HP: 20/24 MP: 4/4
   710 | D:1      | Found Dimo's Antique Armour Boutique.
   785 | D:1      | Reached skill level 3 in Invocations
  1222 | D:2      | Gained mutation: A weak demonic guardian rushes to your
                  | aid. [demonic ancestry]
  1222 | D:2      | Reached XP level 3. HP: 21/29 MP: 5/5
  1334 | D:2      | Reached *** piety under Lugonu
  1335 | D:2      | Reached skill level 3 in Polearms
  1838 | D:2      | Reached XP level 4. HP: 21/35 MP: 6/6
  2602 | D:3      | Reached skill level 4 in Invocations
  2945 | D:3      | Reached skill level 4 in Polearms
  2945 | D:3      | Gained mutation: When seriously injured, your blood forms
                  | armour. (AC +9) [demonic ancestry]
  2945 | D:3      | Reached XP level 5. HP: 29/41 MP: 8/8
  3224 | D:3      | Noticed an ogre
  3236 | D:3      | Killed an ogre
  3788 | D:3      | Found a sparkling altar of Nemelex Xobeh.
  3893 | D:3      | Reached skill level 5 in Invocations
  4013 | D:4      | Found an opulent altar of Gozag.
  4047 | D:4      | Found Fiobavov's Magic Scroll Shoppe.
  4161 | D:4      | Found a glowing drain.
  4181 | D:4      | Reached XP level 6. HP: 45/47 MP: 9/9
  4207 | Sewer    | Entered a sewer
  4288 | Sewer    | Noticed Pargi
  4301 | Sewer    | Killed Pargi
  4302 | Sewer    | Reached skill level 5 in Polearms
  4407 | D:4      | Reached **** piety under Lugonu
  4719 | D:4      | Found a runed translucent door.
  4720 | D:4      | Noticed Crazy Yiuf
  4758 | D:4      | Reached skill level 6 in Invocations
  4758 | D:4      | Gained mutation: When seriously injured, your blood forms
                  | thick armour. (AC +9) [demonic ancestry]
  4758 | D:4      | Reached XP level 7. HP: 50/52 MP: 11/11
  4794 | D:4      | Reached skill level 6 in Polearms
  4848 | D:4      | Noticed Pikel
  4872 | D:4      | Killed Pikel
  4873 | D:4      | Reached skill level 7 in Polearms
  4873 | D:4      | Reached skill level 7 in Invocations
  4873 | D:4      | Reached XP level 8. HP: 27/58 MP: 11/13
  5118 | D:4      | HP: 4/58 [Crazy Yiuf/+3 quarterstaff of chaos (2)]
  5119 | D:4      | Killed Crazy Yiuf
  5123 | D:4      | HP: 4/58 [poisoned by Crazy Yiuf]
  5201 | D:5      | Entered Level 5 of the Dungeon
  5239 | D:5      | Found a stormy altar of Qazlal.
  5243 | D:5      | Noticed an air elemental
  5298 | D:5      | Found a staircase to the Ecumenical Temple.
  5390 | D:5      | Reached skill level 8 in Invocations
  5434 | D:5      | Reached skill level 8 in Polearms
  5494 | D:5      | Found an iron altar of Okawaru.
  5497 | D:5      | Noticed a troll
  5500 | D:5      | Banished a troll
  5640 | D:5      | Found a blossoming altar of Fedhas.
  5966 | D:5      | Reached skill level 9 in Invocations
  5976 | D:5      | Reached skill level 9 in Polearms
  5997 | D:5      | Gained mutation: A demonic guardian rushes to your aid.
                  | [demonic ancestry]
  5997 | D:5      | Reached XP level 9. HP: 36/61 MP: 15/15
  6186 | D:6      | Identified +0 swamp dragon scales
  6186 | D:6      | Noticed Maggie
  6568 | D:6      | HP: 6/63 [Maggie/bolt of fire (24)]
  6570 | D:6      | Killed from afar by Maggie

Vanquished Creatures
  Pikel (D:4)
  Pargi (Sewer)
  3 black bears
  A centaur (D:5)
  A phantom (D:4)
  3 necrophages (D:5)
  A scorpion (D:5)
  3 bullfrog zombies (D:5)
  A centaur zombie (D:5)
  2 orc priests
  2 gnoll boudas
  2 hounds (D:5)
  A jelly (D:4)
  An iguana (D:6)
  2 orc wizards
  5 gnolls
  9 adders
  An ufetubus (D:5)
  A worm (D:3)
  3 dart slugs
  9 orcs
  10 ball pythons
  3 bats
  5 endoplasms
  2 giant cockroaches
  5 hobgoblins
  3 quokkas
  5 frilled lizards
  7 goblins
  4 kobolds
  8 rats
105 creatures vanquished.

Vanquished Creatures (collateral kills)
  An ogre (D:3)
  A lemure (D:3)
  Crazy Yiuf (D:4)
  2 gnolls (D:4)
  4 orcs (D:3)
9 creatures vanquished.

Vanquished Creatures (others)
  A gnoll (D:6)
  A bush (D:5)
  A fungus (D:4)
  9 plants (D:5)
12 creatures vanquished.

Grand Total: 126 creatures vanquished
